 Dungeon Crawl Stone Soup version 0.29-a0-82-g837932c90e (webtiles) character file.

Game seed: 10007835917607508928

58 HallandMoats the Skirmisher (level 3, -6/33 HPs)
             Began as a Minotaur Monk on Feb 4, 2022.
             Was a Believer of Uskayaw.
             Mangled by a gnoll (7 damage)
             ... on level 3 of the Dungeon.
             The game lasted 00:02:42 (2106 turns).

HallandMoats the Skirmisher (Minotaur Monk)         Turns: 2106, Time: 00:02:43

Health: -6/33      AC:  6    Str: 15    XL:     3   Next: 75%
Magic:  2/2        EV: 12    Int:  7    God:    Uskayaw [**....]
Gold:   118        SH:  0    Dex: 14    Spells: 2/2 levels left

rFire   . . .      SeeInvis .   a - +0 hand axe
rCold   . . .      Faith    .   (no shield)
rNeg    . . .      Spirit   .   p - +0 ring mail
rPois   .          Reflect  .   (helmet restricted)
rElec   .          Harm     .   m - scarf {repulsion}
rCorr   .          Rampage  .   i - +0 pair of gloves
Will    +....                   (no boots)
Stlth   +.........              (no amulet)
HPRegen 0.11/turn               d - ring of flight
MPRegen 0.08/turn               g - ring of willpower

@: flying, repel missiles
A: horns 2, retaliatory headbutt
a: Renounce Religion, Stomp, Line Pass


You were on level 3 of the Dungeon.
You worshipped Uskayaw.
Uskayaw was noncommittal.
You visited 1 branch of the dungeon, and saw 3 of its levels.

You collected 118 gold pieces.

Inventory:

Hand Weapons
 a - a +0 hand axe (weapon)
Armour
 b - a +0 robe
 i - a +0 pair of gloves (worn)
 m - a scarf of repulsion (worn)
 p - a +0 ring mail (worn)
 q - a scarf of harm
Jewellery
 d - a ring of flight (left hand)
 g - a ring of willpower (right hand)
Scrolls
 f - a scroll of torment
 k - a scroll of fear
 l - a scroll of summoning
 n - a scroll of magic mapping
 o - a scroll of enchant weapon
Potions
 c - a potion of mutation {unknown}
 e - 2 potions of magic {unknown}
 h - a potion of flight {unknown}


   Skills:
 + Level 4.2 Fighting
 + Level 4.2 Axes
 + Level 1.9 Armour
 + Level 3.8 Dodging
 - Level 1.5 Stealth


You had 2 spell levels left.
You didn't know any spells.
Your spell library contained the following spells:

 Spells                   Type           Power      Damage    Failure   Level
 Magic Dart               Conj           0%         1d3       65%         1
 Searing Ray              Conj           0%         2d4       80%         2
 Fulminant Prism          Conj/Hex       0%         3d6       100%        4


Dungeon Overview and Level Annotations

Branches:
Dungeon (3/15)

Altars:
Uskayaw


Innate Abilities, Weirdness & Mutations

You have a pair of horns on your head.
You reflexively headbutt those who attack you in melee.


Message History

The gnoll shouts! x2
The quokka closely misses you.
You barely miss the quokka. You headbutt the quokka.
You kill the quokka!
You see here a quokka corpse.
The gnoll hits you with a +0 whip. The gnoll barely misses you.
You hit the gnoll but do no damage. x2; The gnoll barely misses you.
The gnoll hits you from afar with a +0 halberd.
You barely miss the gnoll. You hit the gnoll. The gnoll barely misses you.
You furiously retaliate!
You headbutt the gnoll.
The gnoll hits you from afar with a +0 halberd.
The gnoll hits you with a +0 flail. The gnoll barely misses you.
The gnoll misses you. You furiously retaliate!
You headbutt the gnoll. The gnoll barely misses you.
You are too injured to fight recklessly!
You are too injured to fight recklessly!
You are too injured to fight recklessly!
You are too injured to fight recklessly!
You are too injured to fight recklessly!
You are too injured to fight recklessly!
You are too injured to fight recklessly!
You are too injured to fight recklessly!
You are too injured to fight recklessly!
You are too injured to fight recklessly!
You are too injured to fight recklessly!
You are too injured to fight recklessly!
You are too injured to fight recklessly!
You are too injured to fight recklessly!
There are monsters nearby!
Unknown command.
You barely miss the gnoll. You hit the gnoll.
The gnoll hits you with a +0 whip. The gnoll closely misses you.
The gnoll misses you.
You can now pass through a line of other dancers.
The gnoll barely misses you. You furiously retaliate!
You headbutt the gnoll.
You kill the gnoll!
The gnoll hits you with a +0 flail!
* * * LOW HITPOINT WARNING * * *
The gnoll hits you with a +0 halberd!
You die...

#... 8..###
#.... #...#
#. ##...## ..
8.... #.
#g.######
#.##@).....#
##..g.#####.#
+....†.#
###....####+#
#..........
#..........
#..........
#..........
#..†##+##+#


You could see 2 gnolls.

Vanquished Creatures
  A gnoll (D:3)
  An adder (D:2)
  A worm (D:2)
  A dart slug (D:1)
  4 endoplasms (D:1)
  5 giant cockroaches (D:1)
  9 goblins
  2 hobgoblins
  A quokka (D:3)
  4 ball pythons
  3 bats (D:1)
  5 frilled lizards
  2 kobolds (D:1)
  3 rats
42 creatures vanquished.

Vanquished Creatures (others)
  A plant (D:2)
1 creature vanquished.

Grand Total: 43 creatures vanquished

Notes
Turn   | Place    | Note
-------+----------+-------------------------------------------
     0 | D:1      | HallandMoats the Minotaur Monk began the quest for the Orb.
     0 | D:1      | Reached XP level 1. HP: 19/19 MP: 0/0
   157 | D:1      | Reached XP level 2. HP: 25/27 MP: 1/1
   226 | D:1      | Reached skill level 1 in Armour
   419 | D:1      | Reached XP level 3. HP: 19/33 MP: 2/2
  1078 | D:2      | Found a faded altar of an unknown god.
  1106 | D:2      | Prayed at the altar of an unknown god.
  1106 | D:2      | Became a worshipper of Uskayaw the Reveller
  1106 | D:2      | Reached * piety under Uskayaw
  1106 | D:2      | Reached ** piety under Uskayaw
  2106 | D:3      | HP: 1/33 [gnoll (9)]
  2106 | D:3      | Mangled by a gnoll

Illustrated notes

Levels and vault maps discovered:
D:1:      amcnicky_arrival_flooded_fountain, layout_rooms
D:2:      layout_loops_corners, shapermc_ecumenical_altar_ellora
D:3:      layout_basic, chequers_hall_statues_corner_a

Skill      XL: |  1  2 |
---------------+-------+-----
Armour         | 1 |  1.9
Fighting       | 4 |  4.2
Axes           | 4 |  4.2
Dodging        | |  3.8
Stealth        | |  1.5

Action                   || total
-------------------------++-------
Melee: Hand axe          ||    91
       Headbutt          ||     9
  Use: Scroll            ||     5
 Stab: Sleeping          ||     4
Armor: Robe              ||    20
       Ring mail         ||     8
Dodge: Dodged            ||    71

Table legend: (Time is in decaauts)
 A = Elapsed time spent in this place.
 B = Non-inter-level travel time spent in this place.
 C = Inter-level travel time spent in this place.
 D = Time resting spent in this place.
 E = Time spent auto-exploring this place.
 F = Levels seen in this place.
 G = Mean time per level.
                   A        B        C        D        E       F      G
               +--------+--------+--------+--------+--------+-----+--------+
         Total |   2113 |   2029 |     84 |      0 |   1714 |   3 |  704.3 |
       Dungeon |   2113 |   2029 |     84 |      0 |   1714 |   3 |  704.3 |
               +--------+--------+--------+--------+--------+-----+--------+

Top non-repeatable levels by time:
     D:1: 962 daAuts
     D:2: 857 daAuts
     D:3: 293 daAuts
